TOP OF THE 1ST |
Nassau Rockets batting - Pitching for Orlando Calrissian : LHP Marcos Benítez
|
Pitching: LHP Marcos Benítez
|
|
Batting: RHB José Hernández
|
0-0: Called Strike 0-1: Ball 1-1: Ground out 1-3 (Groundball, 23)
|
Batting: RHB Ed Sims
|
0-0: Foul Ball, location: 2F 0-1: SINGLE (Groundball, 4MD)
|
Batting: RHB Felipe Rivera
|
0-0: Called Strike 0-1: Ball 1-1: Ball 2-1: SINGLE (Groundball, 56D) Ed Sims to second
|
Batting: LHB Alden Lindsey
|
0-0: Swinging Strike 0-1: Ground out 5-3 (Groundball, 5S) Ed Sims to third Felipe Rivera to second
|
Batting: SHB Dave MacThomas
|
0-0: Foul Ball, location: 2F 0-1: Called Strike 0-2: DOUBLE (Line Drive, 8LM) Ed Sims scores Felipe Rivera scores
|
Batting: LHB Jarred Jackson
|
0-0: Called Strike 0-1: Ball 1-1: Foul Ball, location: 2F 1-2: Ball 2-2: Strikes out swinging
|
Top of the 1st over - 2 run(s), 3 hit(s), 0 error(s), 1 left on base; Nassau 2 - Orlando 0 |
BOTTOM OF THE 1ST |
Orlando Calrissian batting - Pitching for Nassau Rockets : LHP Gianluigi Ciottone
|
Pitching: LHP Gianluigi Ciottone
|
|
Batting: RHB Jorge Rodríguez
|
0-0: Ball 1-0: Called Strike 1-1: Ball 2-1: Swinging Strike 2-2: Ball 3-2: Foul Ball, location: 2F 3-2: Base on Balls
|
Batting: LHB Bryan Foster
|
0-0: Called Strike 0-1: Ball 1-1: Ball 2-1: Grounds into double play, 6-4-3 (Groundball, 6M)
|
Batting: LHB Santiago Márquez
|
0-0: Ball 1-0: Foul Ball, location: 2F 1-1: Foul Ball, location: 2F 1-2: Foul Ball, location: 2F 1-2: Ground out U3 (Groundball, 3S)
|
Bottom of the 1st over - 0 run(s), 0 hit(s), 0 error(s), 0 left on base; Nassau 2 - Orlando 0 |
TOP OF THE 2ND |
Nassau Rockets batting - Pitching for Orlando Calrissian : LHP Marcos Benítez
|
Batting: RHB Carlos MacKinney
|
0-0: Ball 1-0: Called Strike 1-1: SINGLE (Groundball, 56)
|
Batting: RHB Vern Carlton
|
0-0: Called Strike 0-1: Called Strike 0-2: Ball 1-2: Strikes out swinging
|
Batting: LHB Rafael Delgado
|
0-0: Foul Ball, location: 2F 0-1: Ball Wild Pitch! Carlos MacKinney to second 1-1: Ball 2-1: Swinging Strike 2-2: Foul Ball, location: 2F 2-2: Ball 3-2: Foul Ball, location: 2F 3-2: Base on Balls
|
Batting: RHB José Hernández
|
0-0: Called Strike 0-1: Ball 1-1: Grounds into double play, 5-4-3 (Groundball, 5)
|
Top of the 2nd over - 0 run(s), 1 hit(s), 0 error(s), 1 left on base; Nassau 2 - Orlando 0 |
BOTTOM OF THE 2ND |
Orlando Calrissian batting - Pitching for Nassau Rockets : LHP Gianluigi Ciottone
|
Batting: RHB Rich Anderson
|
0-0: Ball 1-0: Foul Ball, location: 2F 1-1: Foul Ball, location: 2F 1-2: Ball 2-2: Foul Ball, location: 2F 2-2: Fly out, F9 (Flyball, 9LD)
|
Batting: RHB Jesús Maes
|
0-0: Called Strike 0-1: Ball 1-1: Ball 2-1: Ball 3-1: Ground out 5-3 (Groundball, 5L)
|
Batting: LHB Rubén Díaz
|
0-0: Called Strike 0-1: Foul Ball, location: 2F 0-2: Fly out, F9 (Flyball, 89S)
|
Bottom of the 2nd over - 0 run(s), 0 hit(s), 0 error(s), 0 left on base; Nassau 2 - Orlando 0 |
TOP OF THE 3RD |
Nassau Rockets batting - Pitching for Orlando Calrissian : LHP Marcos Benítez
|
Batting: RHB Ed Sims
|
0-0: Called Strike 0-1: Ball 1-1: Called Strike 1-2: Ground out 5-3 (Groundball, 5S)
|
Batting: RHB Felipe Rivera
|
0-0: Called Strike 0-1: Called Strike 0-2: Strikes out swinging
|
Batting: LHB Alden Lindsey
|
0-0: Hit by Pitch
|
Batting: SHB Dave MacThomas
|
0-0: Ball 1-0: Ball 2-0: Called Strike 2-1: SINGLE (Flyball, 7LM) Alden Lindsey to second
|
Batting: LHB Jarred Jackson
|
0-0: Ball 1-0: Ball 2-0: Ball 3-0: Called Strike 3-1: Base on Balls Alden Lindsey to third Dave MacThomas to second
|
Batting: RHB Carlos MacKinney
|
0-0: Ball 1-0: SINGLE (Line Drive, 89M) Alden Lindsey scores Dave MacThomas to third Jarred Jackson to second Runner from 3rd tries for Home, SAFE, no throw or cutoff
|
Batting: RHB Vern Carlton
|
0-0: Called Strike 0-1: Foul Ball, location: 2F 0-2: Ball 1-2: Foul Ball, location: 2F 1-2: SINGLE (Groundball, 56) Jarred Jackson to third Carlos MacKinney to second Runner from 3rd tries for Home, SAFE, no throw or cutoff
|
Batting: LHB Rafael Delgado
|
0-0: Ground out 4-3 (Groundball, 34)
|
Top of the 3rd over - 3 run(s), 3 hit(s), 0 error(s), 2 left on base; Nassau 5 - Orlando 0 |
BOTTOM OF THE 3RD |
Orlando Calrissian batting - Pitching for Nassau Rockets : LHP Gianluigi Ciottone
|
Batting: RHB Dave Mullen
|
0-0: Ball 1-0: Ground out 4-3 (Groundball, 4)
|
Batting: RHB Raúl Canó
|
0-0: Called Strike 0-1: Ball 1-1: Bunt for hit - play at first, batter safe!
|
Batting: RHB Eugene Gill
|
0-0: Ball Raúl Canó is caught stealing 2nd base 1-0: Ball 2-0: Fly out, F7 (Flyball, 7LMF)
|
Bottom of the 3rd over - 0 run(s), 1 hit(s), 0 error(s), 0 left on base; Nassau 5 - Orlando 0 |
TOP OF THE 4TH |
Nassau Rockets batting - Pitching for Orlando Calrissian : LHP Marcos Benítez
|
Batting: RHB José Hernández
|
0-0: Ground out 5-3 (Groundball, 56)
|
Batting: RHB Ed Sims
|
0-0: Ball 1-0: Ball 2-0: Ground out 6-3 (Groundball, 6)
|
Batting: RHB Felipe Rivera
|
0-0: Foul Ball, location: 2F 0-1: Ball 1-1: Foul Ball, location: 2F 1-2: Ball 2-2: Foul Ball, location: 2F 2-2: Ground out 6-3 (Groundball, 6)
|
Top of the 4th over - 0 run(s), 0 hit(s), 0 error(s), 0 left on base; Nassau 5 - Orlando 0 |
BOTTOM OF THE 4TH |
Orlando Calrissian batting - Pitching for Nassau Rockets : LHP Gianluigi Ciottone
|
Batting: RHB Jorge Rodríguez
|
0-0: Ball 1-0: Fly out, F7 (Flyball, 7LMF)
|
Batting: LHB Bryan Foster
|
0-0: Called Strike 0-1: Called Strike 0-2: Fly out, F9 (Line Drive, 89S)
|
Batting: LHB Santiago Márquez
|
0-0: Ball 1-0: Ball 2-0: Called Strike 2-1: Ball 3-1: Base on Balls
|
Batting: RHB Rich Anderson
|
0-0: Called Strike 0-1: Ball 1-1: Foul Ball, location: 2F 1-2: Ground out 4-3 (Groundball, 4)
|
Bottom of the 4th over - 0 run(s), 0 hit(s), 0 error(s), 1 left on base; Nassau 5 - Orlando 0 |
TOP OF THE 5TH |
Nassau Rockets batting - Pitching for Orlando Calrissian : LHP Marcos Benítez
|
Batting: LHB Alden Lindsey
|
0-0: Foul Ball, location: 2F 0-1: Ball 1-1: Foul Ball, location: 2F 1-2: Fly out, F9 (Flyball, 89D)
|
Batting: SHB Dave MacThomas
|
0-0: Ground out 1-3 (Groundball, 15)
|
Batting: LHB Jarred Jackson
|
0-0: Fly out, F8 (Flyball, 8LD)
|
Top of the 5th over - 0 run(s), 0 hit(s), 0 error(s), 0 left on base; Nassau 5 - Orlando 0 |
BOTTOM OF THE 5TH |
Orlando Calrissian batting - Pitching for Nassau Rockets : LHP Gianluigi Ciottone
|
Batting: RHB Jesús Maes
|
0-0: SINGLE (Groundball, 56D)
|
Batting: LHB Rubén Díaz
|
0-0: Ball 1-0: Foul Ball, location: 2F 1-1: Ball 2-1: Fly out, F7 (Flyball, 78S)
|
Batting: RHB Dave Mullen
|
0-0: Foul Ball, location: 2F 0-1: Foul Ball, location: 2F 0-2: Ball 1-2: Strikes out looking
|
Batting: RHB Raúl Canó
|
0-0: Called Strike 0-1: Foul Ball, location: 2F 0-2: Fielders Choice at 2nd, U4 (Groundball, 4M)
|
Bottom of the 5th over - 0 run(s), 1 hit(s), 0 error(s), 1 left on base; Nassau 5 - Orlando 0 |
TOP OF THE 6TH |
Nassau Rockets batting - Pitching for Orlando Calrissian : LHP Marcos Benítez
|
Batting: RHB Carlos MacKinney
|
0-0: Foul Ball, location: 2F 0-1: Ball 1-1: Ball 2-1: Foul Ball, location: 2F 2-2: Foul Ball, location: 2F 2-2: Ground out 5-3 (Groundball, 56)
|
Batting: RHB Vern Carlton
|
0-0: Called Strike 0-1: Ball 1-1: Swinging Strike 1-2: Foul Ball, location: 2F 1-2: DOUBLE (Flyball, 8LS)
|
Batting: LHB Rafael Delgado
|
0-0: Called Strike 0-1: Ball 1-1: Ball 2-1: Ball 3-1: Foul Ball, location: 2F 3-2: Strikes out swinging
|
Batting: RHB José Hernández
|
0-0: Ball 1-0: Ball 2-0: Ball 3-0: Called Strike 3-1: Foul Ball, location: 2F 3-2: Ground out 5-3 (Groundball, 5S)
|
Top of the 6th over - 0 run(s), 1 hit(s), 0 error(s), 1 left on base; Nassau 5 - Orlando 0 |
BOTTOM OF THE 6TH |
Orlando Calrissian batting - Pitching for Nassau Rockets : LHP Gianluigi Ciottone
|
Batting: RHB Eugene Gill
|
0-0: Ball 1-0: Called Strike 1-1: Called Strike 1-2: Ball 2-2: Foul Ball, location: 2F 2-2: Ball 3-2: DOUBLE (Flyball, 8RXD)
|
Batting: RHB Jorge Rodríguez
|
0-0: Ball 1-0: Called Strike 1-1: Ball 2-1: Ball 3-1: Ground out 6-3 (Groundball, 6)
|
Batting: LHB Bryan Foster
|
0-0: Foul Ball, location: 2F 0-1: Foul Ball, location: 2F 0-2: Foul Ball, location: 2F 0-2: Ball 1-2: Ground out U3 (Groundball, 3) Eugene Gill to third
|
Batting: LHB Santiago Márquez
|
0-0: Ball 1-0: Ball 2-0: Called Strike 2-1: SINGLE (Flyball, 56D) Eugene Gill scores
|
Batting: RHB Rich Anderson
|
0-0: Ball 1-0: Called Strike 1-1: Ground out 6-3 (Groundball, 6)
|
Bottom of the 6th over - 1 run(s), 2 hit(s), 0 error(s), 1 left on base; Nassau 5 - Orlando 1 |
TOP OF THE 7TH |
Nassau Rockets batting - Pitching for Orlando Calrissian : LHP Marcos Benítez
|
Pitching: RHP Yodo Nishikawa
|
|
Batting: RHB Ed Sims
|
0-0: Ball 1-0: Foul Ball, location: 2F 1-1: Foul Ball, location: 2F 1-2: Ball 2-2: Foul Ball, location: 2F 2-2: Strikes out swinging
|
Batting: RHB Felipe Rivera
|
0-0: Fly out, F8 (Flyball, 8LS)
|
Batting: LHB Alden Lindsey
|
0-0: Ball 1-0: Called Strike 1-1: Ball 2-1: Ground out U3 (Groundball, 3)
|
Top of the 7th over - 0 run(s), 0 hit(s), 0 error(s), 0 left on base; Nassau 5 - Orlando 1 |
BOTTOM OF THE 7TH |
Orlando Calrissian batting - Pitching for Nassau Rockets : LHP Gianluigi Ciottone
|
Batting: RHB Jesús Maes
|
0-0: SINGLE (Groundball, 6MD)
|
Batting: LHB Rubén Díaz
|
0-0: Ball 1-0: Foul Ball, location: 2F 1-1: Called Strike 1-2: SINGLE (Flyball, 4MD) Jesús Maes to second Runner from 2nd tries for 3rd, SAFE, throw made to third
|
Pitching: RHP Jerry Good
|
|
Batting: RHB Dave Mullen
|
0-0: Called Strike 0-1: Foul Ball, location: 2F 0-2: Ball 1-2: Foul Ball, location: 2F 1-2: Strikes out swinging
|
Batting: RHB Raúl Canó
|
0-0: Grounds into double play, U6-3 (Groundball, 6)
|
Bottom of the 7th over - 0 run(s), 2 hit(s), 0 error(s), 1 left on base; Nassau 5 - Orlando 1 |
TOP OF THE 8TH |
Nassau Rockets batting - Pitching for Orlando Calrissian : RHP Yodo Nishikawa
|
Batting: SHB Dave MacThomas
|
0-0: Foul Ball, location: 2F 0-1: Ball 1-1: SOLO HOME RUN (Flyball, 89XD), Distance : 410 ft
|
Batting: LHB Jarred Jackson
|
0-0: Ball 1-0: Called Strike 1-1: Ball 2-1: Ball 3-1: Fly out, F8 (Line Drive, 8LM)
|
Batting: RHB Carlos MacKinney
|
0-0: SINGLE (Line Drive, 56)
|
Batting: RHB Vern Carlton
|
0-0: Ball 1-0: Grounds into double play, 4-6-3 (Groundball, 4)
|
Top of the 8th over - 1 run(s), 2 hit(s), 0 error(s), 0 left on base; Nassau 6 - Orlando 1 |
BOTTOM OF THE 8TH |
Orlando Calrissian batting - Pitching for Nassau Rockets : RHP Jerry Good
|
Batting: RHB Eugene Gill
|
0-0: DOUBLE (Flyball, 78D)
|
Batting: RHB Jorge Rodríguez
|
0-0: Ball 1-0: Foul Ball, location: 2F 1-1: Foul Ball, location: 2F 1-2: Strikes out swinging
|
Batting: LHB Bryan Foster
|
0-0: Ball 1-0: Foul Ball, location: 2F 1-1: Called Strike 1-2: Ball 2-2: Foul Ball, location: 2F 2-2: Strikes out looking
|
Batting: LHB Santiago Márquez
|
0-0: Ball 1-0: Foul Ball, location: 2F 1-1: Ball 2-1: Ground out 3-1 (Groundball, 34)
|
Bottom of the 8th over - 0 run(s), 1 hit(s), 0 error(s), 1 left on base; Nassau 6 - Orlando 1 |
TOP OF THE 9TH |
Nassau Rockets batting - Pitching for Orlando Calrissian : RHP Yodo Nishikawa
|
Batting: LHB Rafael Delgado
|
0-0: Called Strike 0-1: Swinging Strike 0-2: Ball 1-2: Ball 2-2: Ball 3-2: Foul Ball, location: 2F 3-2: Fly out, F5 (Popup, 5SF)
|
Batting: RHB José Hernández
|
0-0: Ground out 5-3 (Groundball, 5)
|
Batting: RHB Ed Sims
|
0-0: Swinging Strike 0-1: Ball 1-1: Ground out 5-3 (Groundball, 56)
|
Top of the 9th over - 0 run(s), 0 hit(s), 0 error(s), 0 left on base; Nassau 6 - Orlando 1 |
BOTTOM OF THE 9TH |
Orlando Calrissian batting - Pitching for Nassau Rockets : RHP Jerry Good
|
Pitching: RHP Howard Green
|
|
Batting: RHB Rich Anderson
|
0-0: Foul Ball, location: 2F 0-1: Ground out 6-3 (Groundball, 6)
|
Batting: RHB Jesús Maes
|
0-0: Ball 1-0: Fly out, F7 (Flyball, 78M)
|
Batting: LHB Rubén Díaz
|
0-0: Ball 1-0: Called Strike 1-1: Ball 2-1: Ground out 4-3 (Groundball, 4M)
|
Bottom of the 9th over - 0 run(s), 0 hit(s), 0 error(s), 0 left on base; Nassau 6 - Orlando 1 |
|